 Dungeon Crawl Stone Soup version 0.31.0-9-g3a7656b989 (webtiles) character file.

Game seed: 18113279841410679367

58 Malachi the Ruffian (level 3, -2/32 HPs)
             Began as a Troll Shapeshifter on Jan 24, 2024.
             Slain by a goblin
             ... wielding a +0 dagger
             ... led by Robin
              (5 damage)
             ... on level 2 of the Dungeon.
             The game lasted 00:00:50 (680 turns).

Malachi the Ruffian (Troll Shapeshifter)             Turns: 680, Time: 00:00:51

Health: -2/32      AC:  4    Str: 24    XL:     3   Next: 75%
Magic:  2/2        EV:  9    Int:  6    God:
Gold:   65         SH:  0    Dex:  9    Spells: 2/2 levels left

rFire   . .          .
                       - Unarmed
rCold   . . .        (no shield)
rNeg    . . .        a - +0 animal skin
rPois   .            (helmet currently unavailable)
rElec   .            (cloak currently unavailable)
rCorr   .            (gloves unavailable)
SInv    .            (boots unavailable)
Will    .....        (no amulet)
Stlth   +            (no ring)
HPRegen 1.05/turn    (no ring)
MPRegen 0.08/turn

%: no passive effects
@: beast-form
A: beast (slay +2), large, unfitting armour, claws 3, regeneration 1, shaggy fur
1, tough skin 1
a: Begin Untransformation


You were on level 2 of the Dungeon.
You were a hulking beast.
You visited 1 branch of the dungeon, and saw 2 of its levels.

You collected 65 gold pieces.

Inventory:

Armour
 a - a +0 animal skin (worn)
Talismans
 c - a beast talisman
 d - a flux talisman
Scrolls
 h - a scroll of fog
Potions
 b - a potion of lignification
 f - 2 potions of curing {unknown}
 g - a potion of might {unknown}
 i - a potion of degeneration {unknown}


   Skills:
 + Level 0.9 Fighting
 + Level 1.7 Dodging
 + Level 4.0 Unarmed Combat
 + Level 3.6 Shapeshifting


You had 2 spell levels left.
You didn't know any spells.
Your spell library contained the following spells:

 Spells                   Type           Power      Damage    Failure   Level
 Foxfire                  Conj/Fire      0%         2x1d4     45%         1
 Stone Arrow              Conj/Erth      0%         3d7       83%         3
 Animate Armour           Summ/Erth      0%         N/A       99%         4
 Plasma Beam              Fire/Air       0%         2x1d10    100%        6
 Starburst                Conj/Fire      0%         6d3       100%        6
 Lehudib's Crystal Spear  Conj/Erth      0%         10d2      100%        8


Dungeon Overview and Level Annotations

Branches:
Dungeon (2/15)

Altars:

Annotations:
D:2 Robin


Innate Abilities, Weirdness & Mutations

You are a hulking beast.
Your limbs bulge with bestial killing power. (Slay +2)
You are too large for most types of armour.
You have claws for hands.
Your natural rate of healing is unusually fast.
You are covered in fur. (AC +1)
You have tough skin. (AC +1)


Message History

The goblin misses you.
You barely miss Robin. Robin hits you with a +0 mace.
The goblin hits you but does no damage. x2
A frilled lizard comes into view.
The goblin closely misses you.
A goblin comes into view. It is wielding a +0 club.
You are too injured to fight recklessly!
You are too injured to fight recklessly!
You are too injured to fight recklessly!
You are too injured to fight recklessly!
You are too injured to fight recklessly!
You are too injured to fight recklessly!
You are too injured to fight recklessly!
You are too injured to fight recklessly!
You are too injured to fight recklessly!
You are too injured to fight recklessly!
Unknown command.
You barely miss the goblin. Robin throws the goblin at you!
The goblin barely misses you. The goblin hits you with a +0 dagger.
The goblin hits you but does no damage. The goblin barely misses you.
You closely miss the goblin. Robin hits you with a +0 mace.
The goblin closely misses you. The goblin hits you with a +0 dagger.
* * * LOW HITPOINT WARNING * * *
The goblin hits you but does no damage.
Unknown command.
As you read the scroll labelled YTUBBI NERO, it crumbles to dust.
It is a scroll of identify.
h - a scroll of fog The goblin hits you with a +0 club.
* * * LOW HITPOINT WARNING * * *
The goblin barely misses you. x3
As you read the scroll labelled SOSKUI BYUPLEE, it crumbles to dust.
Wisps of shadow whirl around you...
It was a scroll of summoning.
Robin hits you with a +0 mace.
* * * LOW HITPOINT WARNING * * *
The goblin hits you but does no damage. x2; The goblin barely misses you.
A goblin comes into view. It is wielding a +0 dagger.
The goblin hits you with a +0 dagger.
You die...

## ..# #.# #.#
. #.# ... #r#
..g.####g#
....glghg######
.....KgggS....#
..###########.#
#. ####.#### #.
.. #.......# #.
#.# # #.##.##.#
.##.##.#####.#
#.##.##.#
...........#.##
#)##....#
##...... .....
#.#####.###


You could see Robin, 7 goblins, a kobold, a frilled lizard, a friendly ball
python (summoned) and a friendly rat (summoned).

Vanquished Creatures
  Terence (D:2)
  A ribbon worm (D:2)
  2 dart slugs (D:1)
  3 ball pythons (D:1)
  3 bats (D:1)
  An endoplasm (D:1)
  A giant cockroach (D:1)
  3 goblins
  3 hobgoblins
  2 frilled lizards (D:1)
  4 kobolds
  3 rats (D:1)
27 creatures vanquished.

Notes
Turn   | Place    | Note
-------+----------+-------------------------------------------
     0 | D:1      | Malachi the Troll Shapeshifter began the quest for the Orb.
     0 | D:1      | Reached XP level 1. HP: 18/18 MP: 0/0
   202 | D:1      | Reached XP level 2. HP: 26/26 MP: 1/1
   618 | D:2      | Reached XP level 3. HP: 31/32 MP: 2/2
   631 | D:2      | Noticed Terence
   637 | D:2      | Killed Terence
   667 | D:2      | Noticed Robin
   673 | D:2      | Reached skill level 4 in Unarmed Combat
   680 | D:2      | Slain by a goblin

Illustrated notes

Levels and vault maps discovered:
D:1:      amcnicky_arrival_choice, layout_basic, serial_curves, eino_curves_01,
          eino_curves_03, eino_curves_04, eino_curves_03, minmay_hexomino_u4
D:2:      layout_loops_cross, uniq_robin, uniq_terence

Skill      XL: |  1  2  3 |
---------------+----------+-----
Unarmed Combat | 4 |  4.0
Fighting       | |  0.9
Dodging        | |  1.7
Shapeshifting  | |  3.6

Action                     || total
---------------------------++-------
  Melee: Unarmed           ||    53
    Use: Scroll            ||     2
 Armour: Animal skin       ||    60
  Dodge: Dodged            ||    37
